 Dungeon Crawl Stone Soup version 0.32-a0-933-ga8fa363 (webtiles) character file.

Game seed: 51335462594785300

78689 yapang the Devastator (level 15, -4/121 HPs)
             Began as a Grey Draconian Conjurer on Apr 14, 2024.
             Was the Champion of Vehumet.
             Slain by an ettin
             ... wielding a +0 dire flail
              (23 damage)
             ... on level 2 of the Orcish Mines.
             The game lasted 01:09:21 (20230 turns).

yapang the Devastator (Grey Draconian Conjurer)    Turns: 20230, Time: 01:09:21

Health: -4/121     AC: 19    Str: 11    XL:     15   Next: 18%
Magic:  4/27       EV: 14    Int: 35    God:    Vehumet [******]
Gold:   1359       SH:  0    Dex: 10    Spells: 5/31 levels left

rFire   + . .        W - staff of earth
rCold   . . .        (no shield)
rNeg    . . .        (body armour unavailable)
rPois   +            (helmet restricted)
rElec   .            (no cloak)
rCorr   .            I - +1 pair of gloves "Offuhon" {rPois rF+ Int+5}
SInv    .            O - +2 pair of boots
Will    ++...        L - amulet of regeneration
Stlth   ++           z - +6 ring of intelligence
HPRegen 1.20/turn    F - ring of willpower
MPRegen 0.20/turn

%: no passive effects
@: no status effects
A: mud breath, mud-swimmer, AC +14, amphibious, unfitting armour, cold-blooded
a: Mud Breath, Renounce Religion


You were on level 2 of the Orcish Mines.
You worshipped Vehumet.
Vehumet was exalted by your worship.
You visited 4 branches of the dungeon, and saw 23 of its levels.
You also visited: Bailey.

You collected 1359 gold pieces.

Inventory:

Hand Weapons
 b - a +2 short sword
 B - a +5 short sword of electrocution
Missiles
 y - 2 throwing nets
Armour
 I - the +1 pair of gloves "Offuhon" (worn) {rPois rF+ Int+5}
   (You found it on level 8 of the Dungeon)

   Int+5:     It affects your intelligence (+5).
   rF+:       It protects you from fire.
   rPois:     It protects you from poison.
 O - a +2 pair of boots (worn)
Magical Staves
 S - the staff "Giantslayer" {rElec rN+ Necro}
   (You found it on level 11 of the Dungeon)

   [staff of death]

   Base accuracy: +5 Base damage: 5 Base attack delay: 1.2 This weapon's minimum
   attack delay (0.6) is reached at skill level 12.
   rElec:     It insulates you from electricity.
   rN+:       It protects you from negative energy.
   Necro:     It increases the power of your Necromancy spells.
   It falls into the 'Staves' category.
   It is a one-handed weapon.
 W - a staff of earth (weapon)
Jewellery
 r - a ring of resist corrosion
 v - a ring of positive energy
 x - a ring of fire
 z - a +6 ring of intelligence (left hand)
 F - a ring of willpower (right hand)
 K - a ring of flight
 L - an amulet of regeneration (around neck)
 N - an amulet of faith
 T - a ring of magical power
Talismans
 R - a maw talisman
Wands
 G - a wand of flame (30)
 M - a wand of paralysis (6)
 U - a wand of quicksilver (1)
 V - a wand of digging (6)
Scrolls
 c - a scroll of noise
 e - 3 scrolls of teleportation
 g - a scroll of revelation
 j - 2 scrolls of vulnerability
 l - a scroll of amnesia
 n - 3 scrolls of fog
 s - 3 scrolls of fear
 A - 4 scrolls of poison
 D - a scroll of identify
 H - 2 scrolls of immolation
Potions
 a - 2 potions of magic
 d - 4 potions of degeneration
 f - 2 potions of attraction
 h - 7 potions of curing
 i - 3 potions of cancellation
 k - 4 potions of brilliance
 o - 3 potions of berserk rage
 p - 4 potions of haste
 q - 4 potions of might
 t - 2 potions of ambrosia
 u - 4 potions of enlightenment
 C - 2 potions of mutation
 E - 2 potions of heal wounds
 J - 3 potions of lignification
 Q - a potion of resistance


   Skills:
 - Level 8.0 Fighting
 - Level 1.0 Short Blades
 + Level 5.0 Staves
 - Level 10.0 Dodging
 - Level 3.0 Stealth
 + Level 8.9 Spellcasting
 - Level 15.0 Conjurations
 - Level 4.0 Translocations
 - Level 4.0 Fire Magic
 + Level 3.0 Ice Magic
 + Level 2.4 Air Magic
 + Level 9.1 Earth Magic
 - Level 10.0 Alchemy
 - Level 8.0 Evocations


You had 5 spell levels left.
You knew the following spells:

 Your Spells              Type           Power      Damage    Failure   Level
a - Magic Dart            Conj           100%       1d8       0%          1
b - Searing Ray           Conj           100%       2d8       0%          2
c - Fulminant Prism       Conj/Alch      40%        3d19      1%          4
d - Iskenderun's Mystic   Conj/Tloc      70%        2d14      (+2d81%     4
e - Freezing Cloud        Conj/Ice/Air   29%        6-21      1%          5
f - Yara's Violent Unrav  Hex/Alch       25%        3d11      2%          5
g - Lee's Rapid Deconstr  Erth           44%        3d21*     1%          5

Your spell library contained the following spells:

 Spells                   Type           Power      Damage    Failure   Level
 Sting                    Conj/Alch      100%       1d9       0%          1
 Apportation              Tloc           86%        N/A       1%          1
 Freeze                   Ice            100%       1d10      1%          1
 Kiss of Death            Conj/Necr      100%       2d13      1%          1
 Shock                    Conj/Air       100%       1d9       1%          1
 Blink                    Tloc           86%        N/A       1%          2
 Lesser Beckoning         Tloc           86%        N/A       1%          2
 Momentum Strike          Conj/Tloc      100%       3d10      1%          2
 Frozen Ramparts          Ice            72%        1d11      1%          3
 Hailstorm                Conj/Ice       68%        3d12      1%          3
 Maxwell's Portable Pile  Tloc           43%        2d(9-26)  1%          3
 Volatile Blastmotes      Fire/Tloc      86%        2d17      1%          3
 Sticky Flame             Fire/Alch      59%        2d10      1%          4
 Arcjolt                  Conj/Air       33%        1d43      1%          5
 Necrotise                Necr           60%        1d7       2%          1
 Summon Small Mammal      Summ           60%        N/A       2%          1
 Airstrike                Air            16%        2d(3-19)  2%          4
 Swiftness                Air            33%        N/A       3%          3
 Summon Ice Beast         Ice/Summ       26%        N/A       4%          3
 Call Canine Familiar     Summ           15%        N/A       9%          3
 Confusing Touch          Hex            15%        N/A       9%          3
 Sigil of Binding         Hex            15%        N/A       9%          3
 Dimensional Bullseye     Hex/Tloc       14%        N/A       12%         4
 Anguish                  Hex/Necr       7%         N/A       28%         4
 Cause Fear               Hex            7%         N/A       28%         4
 Dispel Undead            Necr           15%        3d10      28%         4
 Summon Forest            Summ/Tloc      14%        N/A       34%         5
 Summon Mana Viper        Hex/Summ       15%        N/A       61%         5
 Permafrost Eruption      Ice/Erth       36%        2x4d9     10%         6
 Sculpt Simulacrum        Ice/Alch       28%        N/A       28%         6
 Summon Cactus Giant      Summ           7%         N/A       99%         6
 Enfeeble                 Hex            7%         N/A       100%        7
 Maxwell's Capacitive Co  Air            16%        ∞         100%        8


Dungeon Overview and Level Annotations

Branches:
Dungeon (15/15)            Temple (1/1) D:4            Lair (5/5) D:9
  Swamp (0/4) Lair:2       Spider (0/4) Lair:2        Slime (0/5) Lair:4
    Orc (2/2) D:10         Bailey (visited)
    Elf: Orc:2       Vaults: D:13-14     Depths: D:15

Altars:
Ashenzari
Cheibriados
Dithmenos
Elyvilon
Fedhas
Gozag
Hepliaklqana
Kikubaaqudgha
Makhleb
Nemelex Xobeh
Okawaru
Qazlal
Ru
Sif Muna
Trog
Uskayaw
Vehumet
Wu Jian
Xom
Yredelemnul
Zin
The Shining One
Jiyva

Shops:
D:8 (   Orc:1 *   Orc:2 (*:

Annotations:
D:2 1 runed translucent door, Crazy Yiuf
D:5 2 transporters, bochi's ghost, novice OnGl
D:11 2 runed translucent doors
D:14 Jorgrun
Lair:4 1 runed translucent door
Lair:5 3 runed translucent doors, exclusion: 2 oklob plants, kasel's ghost, journeyman OpSh


Innate Abilities, Weirdness & Mutations

You can breathe torrents of mud.
You are unimpeded by mud.
Your dull iron-grey scales are very hard. (AC +14)
You are amphibious.
You cannot fit into any form of body armour.
You are cold-blooded and may be slowed by cold attacks.


Message History

Confirm with . or Enter, or press ? or * to list all spells.
Okay, then.
Casting: Freezing Cloud (mildly dangerous; 1% risk of failure)
Confirm with . or Enter, or press ? or * to list all spells.
You erupt in a blast of force!
The mystic blast hits the fungus!!
The fungus begins to die.
The fungus is lightly damaged.
The mystic blast hits the fungus!
The fungus begins to die.
The fungus is lightly damaged.
The mystic blast hits the fungus!!
The fungus begins to die.
The fungus is lightly damaged.
The mystic blast hits the fungus!!
The fungus begins to die.
The fungus is lightly damaged.
The mystic blast hits the ettin!
The ettin is heavily wounded.
The mystic blast hits the fungus!!
The fungus begins to die.
The fungus is lightly damaged.
You hear a shout!
The orc priest mumbles some strange prayers to Beogh against you.
Beogh smites you!
* * * LOW HITPOINT WARNING * * *
The ettin is engulfed in freezing vapours.
The ettin hits you with a +0 dire flail!
* * * LOW HITPOINT WARNING * * *
The ettin completely misses you.
Casting: Iskenderun's Mystic Blast (safe; 1% risk of failure)
Confirm with . or Enter, or press ? or * to list all spells.
You don't have enough magic to cast this spell.
Aiming: Quicksilver Bolt
Press: ? - help, Shift-Dir - straight line, f - ettin
Aim: an ettin, wielding two +0 dire flails (freezing vapour, heavily wounded, 94% to hit)
Okay, then.
Aiming: Paralyse
Press: ? - help, Shift-Dir - straight line, f - ettin
Aim: an ettin, wielding two +0 dire flails (freezing vapour, heavily wounded, chance to affect: 50%)
The ettin resists with some effort.
The ettin is engulfed in freezing vapours.
The ettin closely misses you.
The ettin hits you with a +0 dire flail!!
You die...

##.### #.# #.)..## ..
##.)...## ..
#..)))#.### ###.
####.o.#...#. ##...
###..#o........
#....###....§..)o.....
##...P.....oo....o....
#....@.Po..P......(...
#....§C§...o..........
#..PP§§§P........)....
#....§§§........(.(∩..
##.....∩........(.....
#........P......).(..
#....................
#........P...C.......
.P..........


You could see an ettin, an orc warrior, an orc priest and 2 orcs.

Vanquished Creatures
  A stone giant (Orc:2)
  Snorg (D:11)
  2 ettins (Orc:2)
  Harold (D:10)
  An ogre mage (D:11)
  2 hydras
  A tengu warrior (D:15)
  6 two-headed ogres
  3 boulder beetles
  3 centaur warriors
  A catoblepas (Lair:4)
  2 death knights
  4 death yaks (Lair:5)
  An orc high priest (Orc:1)
  Urug (Orc:1)
  A skyshark (Lair:5)
  A skeletal warrior (D:11)
  2 bog bodies (Lair:2)
  2 lindwurms (Lair:5)
  An orc sorcerer (Orc:2)
  3 ugly things
  2 deep elf pyromancers
  A wolf spider (Lair:5)
  8 cyclopes
  A guardian serpent (Lair:5)
  6 black mambas
  A kobold blastminer (Orc:1)
  5 manticores
  Maggie (D:8)
  3 gargoyles
  4 torpor snails (Lair:5)
  21 cane toads
  3 rime drakes
  An efreet (D:11)
  2 unseen horrors
  3 kobold demonologists
  A freezing wraith (D:11)
  A tengu conjurer (D:15)
  10 komodo dragons
  5 trolls
  2 polar bears (Lair:1)
  4 tyrant leeches (Lair:5)
  A hornet (shapeshifter) (D:11)
  9 hornets (Lair:5)
  5 dream sheep (Lair:5)
  7 blink frogs
  A shadow (D:11)
  13 wyverns
  3 wraiths
  7 slime creatures
  2 vampires
  5 basilisks
  76 yaks
  2 redbacks (Lair:5)
  A warg (D:10)
  Menkaure (D:5)
  14 vampire mosquitoes
  24 water moccasins
  2 black bears
  15 orc warriors
  2 ice beasts
  2 sky beasts (D:7)
  9 wolves (Lair:2)
  A boggart (D:11)
  5 ogres
  14 centaurs
  2 kobold brigands
  12 bullfrogs
  2 gnoll sergeants
  11 wights
  An electric eel (Lair:1)
  7 howler monkeys
  A gnoll bouda (Lair:4)
  3 hounds
  10 orc priests
  5 iguanas
  12 orc wizards
  11 gnolls
  5 adders (D:4)
  2 white imps
  2 ufetubi (D:5)
  4 dart slugs
  53 orcs
  4 ball pythons
  3 endoplasms
  3 giant cockroaches (D:1)
  13 goblins
  9 hobgoblins
  15 jackals
  16 kobolds
  2 quokkas
  5 bats
  A frilled lizard (D:3)
  6 rats
566 creatures vanquished.

Vanquished Creatures (others)
  A centaur simulacrum (D:11)
  178 fulminant prisms
179 creatures vanquished.

Grand Total: 745 creatures vanquished

Notes
Turn   | Place    | Note
-------+----------+-------------------------------------------
     0 | D:1      | yapang the Draconian Conjurer began the quest for the Orb.
     0 | D:1      | Reached XP level 1. HP: 14/14 MP: 3/3
   254 | D:1      | Reached XP level 2. HP: 20/20 MP: 3/5
   383 | D:1      | Reached skill level 1 in Short Blades
   546 | D:1      | Reached XP level 3. HP: 26/26 MP: 5/7
  1432 | D:2      | Found a runed translucent door.
  1433 | D:2      | Noticed Crazy Yiuf
  1595 | D:1      | Learned a level 2 spell: Searing Ray
  2104 | D:3      | Found a broken altar of Ashenzari.
  2105 | D:3      | Found a white marble altar of Elyvilon.
  2116 | D:3      | Found an ancient bone altar of Kikubaaqudgha.
  2201 | D:4      | Reached XP level 4. HP: 19/33 MP: 0/8
  2345 | D:4      | Reached skill level 5 in Conjurations
  2588 | D:4      | Reached XP level 5. HP: 31/38 MP: 2/9
  2773 | D:4      | Found a staircase to the Ecumenical Temple.
  2782 | D:4      | Reached skill level 6 in Conjurations
  2786 | Temple   | Entered the Ecumenical Temple
  2884 | Temple   | Became a worshipper of Vehumet
  3395 | D:5      | Entered Level 5 of the Dungeon
  3501 | D:5      | Learned a level 4 spell: Fulminant Prism
  3508 | D:5      | Noticed Menkaure
  3514 | D:5      | Killed Menkaure
  3515 | D:5      | Reached skill level 7 in Conjurations
  3515 | D:5      | Reached XP level 6. HP: 40/45 MP: 4/10
  3520 | D:5      | Learned a level 4 spell: Iskenderun's Mystic Blast
  3566 | D:5      | Found an ornate altar of the Wu Jian Council.
  3814 | D:5      | Found a glowing silver altar of Zin.
  3814 | D:5      | Found a glowing golden altar of the Shining One.
  3815 | D:5      | Found a hazy altar of Hepliaklqana.
  3880 | D:5      | Noticed bochi's ghost (novice OnGl)
  3881 | D:5      | Found a transporter.
  3898 | D:5      | Found a transporter.
  3900 | D:5      | Identified the +5 great mace "Orb Guardian's Death" {flame,
                  | rPois}
  4005 | D:5      | Noticed a water moccasin
  4032 | D:6      | Your scales start taking on a dull iron-grey colour.
  4032 | D:6      | Reached XP level 7. HP: 50/50 MP: 7/13
  4218 | D:6      | Reached skill level 8 in Conjurations
  4307 | D:6      | Reached skill level 1 in Fighting
  4538 | D:6      | Found a bloodstained altar of Trog.
  4668 | D:6      | Reached * piety under Vehumet
  4668 | D:6      | Offered knowledge of Shock by Vehumet.
  4892 | D:7      | Reached XP level 8. HP: 61/61 MP: 7/14
  5170 | D:7      | Reached skill level 5 in Dodging
  5376 | D:7      | Reached skill level 1 in Alchemy
  5862 | D:8      | Noticed a two-headed ogre
  5892 | D:8      | Noticed Maggie
  5904 | D:8      | Killed Maggie
  5905 | D:8      | Reached skill level 5 in Alchemy
  5905 | D:8      | Reached XP level 9. HP: 36/67 MP: 3/15
  6084 | D:8      | Found a flagged portal.
  6091 | Bailey   | Entered a bailey
  6151 | Bailey   | Reached ** piety under Vehumet
  6159 | Bailey   | Offered knowledge of Kiss of Death by Vehumet.
  6407 | Bailey   | Noticed an orc warlord
  6489 | D:8      | Reached skill level 5 in Spellcasting
  6564 | D:8      | Reached skill level 1 in Translocations
  6585 | D:8      | Killed a two-headed ogre
  6698 | D:8      | Identified the +1 pair of gloves "Offuhon" {rPois rF+
                  | Int+5}
  6766 | D:8      | Noticed a gargoyle
  6781 | D:8      | Killed a gargoyle
  7094 | D:8      | Found Kuxihom's Weapon Shoppe.
  7206 | D:8      | Reached XP level 10. HP: 68/73 MP: 1/19
  7432 | D:9      | Noticed a two-headed ogre
  7436 | D:9      | Reached skill level 9 in Conjurations
  7452 | D:9      | Killed a two-headed ogre
  7453 | D:9      | Reached skill level 10 in Conjurations
  7492 | D:9      | Offered knowledge of Mercury Vapours by Vehumet.
  7714 | D:9      | Reached *** piety under Vehumet
  7836 | D:9      | Found a staircase to the Lair.
  8158 | D:5      | Found a snail-covered altar of Cheibriados.
  8691 | Lair:1   | Entered Level 1 of the Lair of Beasts
  8710 | Lair:1   | Reached skill level 5 in Evocations
  8710 | Lair:1   | Reached XP level 11. HP: 79/79 MP: 23/23
  8733 | Lair:1   | Offered knowledge of Ignite Poison by Vehumet.
  9485 | Lair:1   | Reached **** piety under Vehumet
 10042 | Lair:2   | Offered knowledge of Sticky Flame by Vehumet.
 10043 | Lair:2   | Reached skill level 1 in Earth Magic
 10053 | Lair:2   | Reached XP level 12. HP: 51/85 MP: 10/24
 10086 | Lair:2   | Learned a level 4 spell: Sticky Flame
 10345 | Lair:2   | Reached skill level 1 in Fire Magic
 10447 | Lair:2   | Found a staircase to the Swamp.
 10459 | Lair:2   | Reached skill level 10 in Dodging
 10688 | Lair:2   | Reached skill level 5 in Earth Magic
 10937 | Lair:2   | Found a hole to the Spider Nest.
 11225 | Lair:3   | Noticed a boulder beetle
 11235 | Lair:3   | Killed a boulder beetle
 11391 | Lair:3   | Reached skill level 5 in Fighting
 11952 | Lair:4   | Noticed a catoblepas
 11965 | Lair:4   | Killed a catoblepas
 12073 | Lair:4   | Noticed a six-headed hydra
 12112 | Lair:4   | Found the +4 robe of Folly {Brill Will-∞ Int+8}
 12340 | Lair:4   | Reached ***** piety under Vehumet
 12340 | Lair:4   | Offered knowledge of Yara's Violent Unravelling by Vehumet.
 12359 | Lair:4   | Killed a six-headed hydra
 12564 | Lair:4   | Found a viscous altar of Jiyva.
 12565 | Lair:4   | Found a runed translucent door.
 12565 | Lair:4   | Noticed an acid blob
 12566 | Lair:4   | Found a staircase to the Slime Pits.
 13194 | Lair:5   | Entered Level 5 of the Lair of Beasts
 13218 | Lair:4   | Reached XP level 13. HP: 68/107 MP: 7/25
 13339 | Lair:5   | Reached skill level 11 in Conjurations
 13517 | Lair:5   | Reached skill level 12 in Conjurations
 13751 | Lair:5   | Reached skill level 13 in Conjurations
 13915 | Lair:5   | Found a runed translucent gate.
 13915 | Lair:5   | Found a runed translucent gate.
 13915 | Lair:5   | Found a runed translucent gate.
 13961 | Lair:5   | Noticed kasel's ghost (journeyman OpSh)
 14369 | Lair:5   | Reached skill level 14 in Conjurations
 15091 | Lair:5   | Noticed a fire dragon
 15243 | D:10     | Entered Level 10 of the Dungeon
 15294 | D:10     | Learned a level 5 spell: Yara's Violent Unravelling
 15592 | D:10     | Found a staircase to the Orcish Mines.
 15635 | D:10     | Noticed Harold
 15649 | D:10     | Killed Harold
 15650 | D:10     | Reached skill level 15 in Conjurations
 15650 | D:10     | Reached XP level 14. HP: 110/114 MP: 13/26
 15840 | D:10     | Offered knowledge of Lee's Rapid Deconstruction by Vehumet.
 16548 | D:11     | Noticed Snorg
 16876 | D:11     | Killed Snorg
 16877 | D:11     | Reached skill level 10 in Alchemy
 17001 | D:11     | Got the Vellum of the Crevasse and Feathers
 17010 | D:11     | Identified the staff "Giantslayer" {rElec rN+ Necro}
 17217 | D:11     | Reached skill level 1 in Staves
 17582 | D:11     | Found a runed translucent door.
 17582 | D:11     | Found a runed translucent door.
 17679 | D:11     | Paralysed by an ogre mage for 3 turns
 17722 | D:12     | Learned a level 5 spell: Lee's Rapid Deconstruction
 18415 | D:12     | Reached ****** piety under Vehumet
 18890 | D:13     | Offered knowledge of Freezing Cloud by Vehumet.
 18898 | D:13     | Learned a level 5 spell: Freezing Cloud
 19394 | D:14     | Noticed Jorgrun
 19397 | D:14     | Reached skill level 1 in Ice Magic
 19398 | D:15     | Entered Level 15 of the Dungeon
 19409 | D:15     | Reached skill level 1 in Air Magic
 19735 | Orc:1    | Entered Level 1 of the Orcish Mines
 19735 | Orc:1    | Noticed Urug
 19743 | Orc:1    | Killed Urug
 19744 | Orc:1    | Reached XP level 15. HP: 44/121 MP: 9/27
 20046 | Orc:1    | Found Ismedawu's General Store.
 20075 | Orc:2    | Entered Level 2 of the Orcish Mines
 20075 | Orc:2    | Found Hoso's Book Shop.
 20075 | Orc:2    | Found Veculis's General Store.
 20190 | Orc:2    | Reached skill level 5 in Staves
 20212 | Orc:2    | Found Idghur's Antique Weapon Shoppe.
 20230 | Orc:2    | Slain by an ettin

Illustrated notes

Levels and vault maps discovered:
D:1:      roderic_chinese_lattice_arrival, layout_rooms, st_stairs_10
D:2:      layout_basic, uniq_crazy_yiuf_cottage
D:3:      layout_rooms, chequers_temple_overflow_statue_of_worship
D:4:      layout_loops_cross, minmay_temple_entry_statues_fountains,
          corexii_checkpoint, serial_bayou_pond_e, hangedman_decor_points
D:5:      layout_loops_ring, mainiacjoe_overflow_alcove_2,
          mainiacjoe_overflow_alcove_3, gammafunk_ghost_smash, uniq_menkaure
D:6:      layout_gridville, nicolae_overflow_hidden_temple
D:7:      layout_basic
D:8:      layout_rooms, enter_bailey_3, serial_shops, shop, serial_bayou_pond_a,
          uniq_maggie
D:9:      layout_cave_pools, lair_entry_dummy
D:10:     layout_rooms, david_orc_2, grunt_potential, uniq_harold
D:11:     minmay_the_grid_triangle_9x9_recursive_2_mashed
          [minmay_the_grid_triangle_9x9_prize_insulated,
          minmay_the_grid_triangle_9x9_intruding_spiral,
          minmay_the_grid_triangle_9x9_thin_v,
          minmay_the_grid_triangle_9x9_tough_junction], layout_stronghold,
          wad_rectangle_vault, uniq_snorg
D:12:     layout_loops_ring
D:13:     layout_rooms
D:14:     minmay_bad_star, layout_irregular_city,
          hangedman_vaults_entry_quadrant_bands, nicolae_uskayaw_en_pointe,
          hangedman_tell_no_tales, uniq_azrael, uniq_rupert, uniq_jorgrun
D:15:     grunt_enter_depths_magical_seal, layout_basic,
          yredelemnul_altar_generic
Temple:   hellmonk_temple_forest_ring
Lair:1:   layout_regular_city, chequers_serial_rivers_room_a, minmay_holes,
          pdpol_lair_cavern_descent, serial_bayou_shore_b, grunt_megastairs_4,
          infiniplex_staircase_pool_2
Lair:2:   layout_regular_city, skrybe_swamp_entry_bodies, dummy_spider_entry,
          grunt_megastairs_5, lemuel_fruit_fields
Lair:3:   layout_roguey, nzn_sisyphean_effort
Lair:4:   layout_layer_cave, slime_entry_2, dreamdust_deal_with_the_devil,
          dreamdust_gnoll_shepherd
Lair:5:   hangedman_lair_tendril_chambers, layout_regular_city, wormcave,
          gammafunk_ghost_necromancy, minmay_lair_oklob_bushes
Orc:1:    layout_diamond_mine, serial_shops, nicolae_shop_behind_doors,
          bh_open_orc_temple, uniq_urug, uniq_sonja, uniq_erica
Orc:2:    grunt_orc_gardens, layout_caves, grunt_orc_garden, grunt_orc_garden,
          grunt_orc_garden, grunt_orc_garden

Skill      XL: |  1  2  3  4  5  6  7  8  9 10 11 12 13 14 15 |
---------------+----------------------------------------------+-----
Short Blades   | 1 |  1.0
Spellcasting   | 3 4 6 8 |  8.9
Conjurations   | 5 7 8 10 15 | 15.0
Dodging        | 4 6 9 10 | 10.0
Stealth        | 3 |  3.0
Fighting       | 2 8 |  8.0
Alchemy        | 5 6 10 | 10.0
Translocations | 4 |  4.0
Evocations     | 3 5 8 |  8.0
Earth Magic    | 2 6 8 9 |  9.1
Fire Magic     | 4 |  4.0
Staves         | 4 5 |  5.0
Ice Magic      | 2 3 |  3.0
Air Magic      | 1 2 |  2.4

Action                     |  1- 3 |  4- 6 |  7- 9 | 10-12 | 13-15 || total
---------------------------+-------+-------+-------+-------+-------++-------
  Melee: Unarmed           |    30 |       |       |       |       ||    30
         Tailslap          |     4 |     3 |     8 |    24 |    48 ||    87
         Short sword       |    26 |    26 |    42 |   104 |   115 ||   313
         Staff             |       |       |       |       |    89 ||    89
   Cast: Magic Dart        |    70 |    34 |    29 |    30 |    17 ||   180
         Searing Ray       |     2 |    15 |    29 |    25 |    20 ||    91
         Fulminant Prism   |       |       |    25 |    74 |    79 ||   178
         Iskenderun's Myst |       |       |     2 |    27 |    57 ||    86
         Sticky Flame      |       |       |       |    11 |    87 ||    98
         Freezing Cloud    |       |       |       |       |    21 ||    21
         Yara's Violent Un |       |       |       |       |     1 ||     1
Ability: Mud Breath        |       |       |     4 |     7 |    10 ||    21
  Evoke: Wand              |       |       |     3 |     3 |    11 ||    17
    Use: Scroll            |       |       |     1 |    29 |    12 ||    42
         Potion            |       |       |       |       |     7 ||     7
   Stab: Paralysed         |       |       |       |       |     4 ||     4
 Armour: Skin              |    58 |    43 |    73 |   181 |   414 ||   769
  Dodge: Dodged            |    48 |    44 |    63 |   158 |   339 ||   652

Table legend: (Time is in decaauts)
 A = Elapsed time spent in this place.
 B = Non-inter-level travel time spent in this place.
 C = Inter-level travel time spent in this place.
 D = Time resting spent in this place.
 E = Time spent auto-exploring this place.
 F = Levels seen in this place.
 G = Mean time per level.
                   A        B        C        D        E       F      G
               +--------+--------+--------+--------+--------+-----+--------+
         Total |  20281 |  19175 |   1106 |   1674 |  14289 |  24 |  845.0 |
       Dungeon |  12901 |  12080 |    821 |    726 |   9454 |  15 |  860.1 |
        Temple |    106 |     78 |     28 |      0 |     74 |   1 |  106.0 |
          Lair |   6550 |   6307 |    243 |    722 |   4489 |   5 | 1310.0 |
  Orcish Mines |    385 |    372 |     13 |    145 |    100 |   2 |  192.5 |
        Bailey |    337 |    337 |      0 |     81 |    172 |   1 |  337.0 |
               +--------+--------+--------+--------+--------+-----+--------+

Top non-repeatable levels by time:
  Lair:4: 1826 daAuts
    D:11: 1726 daAuts
  Lair:5: 1551 daAuts
  Lair:1: 1357 daAuts
     D:7: 1228 daAuts
    D:12: 1183 daAuts
  Lair:2: 1175 daAuts
     D:4: 1088 daAuts
     D:5: 1029 daAuts
     D:1: 946 daAuts
     D:8: 943 daAuts
     D:6: 899 daAuts
    D:10: 899 daAuts
     D:9: 785 daAuts
     D:2: 675 daAuts
